 Dungeon Crawl Stone Soup version 0.24.0-123-gd5b16e6ec5 (webtiles) character file.

Game seed: 6205959253870031288, levelgen mode: deterministic

19317 Goreval the Unseen (level 12, -4/109 HPs)
             Began as a Naga Enchanter on Jan 16, 2020.
             Was an Elder of Wu Jian.
             Slain by a yak (12 damage)
             ... on level 2 of the Lair of Beasts.
             The game lasted 00:58:00 (19600 turns).

Goreval the Unseen (Naga Enchanter)                Turns: 19600, Time: 00:58:01

Health: -4/109     AC: 13    Str: 11    XL:     12   Next: 67%
Magic:  26/36      EV:  9    Int: 20    God:    Wu Jian [****..]
Gold:   459        SH:  0    Dex: 12    Spells: 2/19 levels left

rFire    + . .     SeeInvis +   j - +2 dagger (speed)
rCold    . . .     Gourm    .   (no shield)
rNeg     . . .     Faith    .   F - +2 robe {rF+}
rPois    +         Spirit   .   (no helmet)
rElec    .         Reflect  .   A - +0 cloak
rCorr    .         Harm     .   (no gloves)
MR       +....                  K - +1 naga barding
Stlth    ++++++....             s - amulet of rage
HPRegen  0.28/turn              y - ring of magical power
MPRegen  0.25/turn              B - ring of magical power

@: very slightly contaminated, lightly drained, very slow
A: large, see invisible, deformed body, poison resistance, slowness 2, slow
metabolism 1, spit poison 1, AC +4
a: Spit Poison, Wall Jump, Serpent's Lash, Renounce Religion, Evoke Berserk Rage


You were on level 2 of the Lair of Beasts.
You worshipped Wu Jian.
Wu Jian was greatly pleased with you.
You were hungry.

You visited 3 branches of the dungeon, and saw 14 of its levels.

You collected 758 gold pieces.
You spent 299 gold pieces at shops.

Inventory:

Hand Weapons
 a - a +2 dagger
 j - a +2 dagger of speed (weapon)
 Q - a +4 dagger of freezing
Missiles
 i - 500 stones (quivered)
Armour
 c - a +0 shield
 z - the +2 cloak of the Thief {+Fog Slay-2 SInv Stlth+}
   (You found it on level 1 of the Lair of Beasts)

   It affects your accuracy and damage with ranged weapons and melee attacks
   (-2).
   It lets you see invisible.
   It makes you more stealthy.
 A - a +0 cloak (worn)
 F - a +2 robe of fire resistance (worn)
 K - a +1 naga barding (worn)
 S - +0 steam dragon scales
Magical Staves
 C - an uncursed staff of air
Jewellery
 s - an amulet of rage (around neck)
 u - an uncursed amulet of magic regeneration
 v - a +2 amulet of reflection
 x - an uncursed ring of flight
 y - a ring of magical power (left hand)
 B - a ring of magical power (right hand)
 G - a +5 ring of dexterity
 J - an uncursed ring of protection from cold
 N - an uncursed amulet of the acrobat
Wands
 o - a wand of random effects (9)
 p - a wand of flame (6)
 I - a wand of iceblast (19)
 M - a wand of digging (4)
 P - a wand of disintegration (10)
 V - a wand of paralysis (5)
Scrolls
 f - 2 scrolls of immolation
 h - 8 scrolls of remove curse
 l - 12 scrolls of teleportation
 m - a scroll of magic mapping
 w - 4 scrolls of amnesia
 D - a scroll of acquirement
Potions
 b - 3 potions of magic
 e - 2 potions of haste
 g - 3 potions of cancellation
 k - 2 potions of agility {unknown}
 n - 4 potions of curing
 q - 2 potions of lignification
 r - a potion of berserk rage
 t - 3 potions of mutation
 E - 2 potions of brilliance
 H - 2 potions of might
 L - 4 potions of heal wounds
 O - a potion of invisibility {unknown}
 R - a potion of resistance {unknown}
Comestibles
 d - 17 rations


   Skills:
 + Level 7.3(6.9) Fighting
 - Level 10.0(9.5) Short Blades
 - Level 4.1(3.6) Dodging
 + Level 15.2(14.6) Stealth
 + Level 4.3(3.9) Spellcasting
 + Level 1.5(1.2) Conjurations
 - Level 10.1(9.6) Hexes
 - Level 4.0(3.6) Air Magic
 + Level 6.0(5.6) Poison Magic


You had 2 spell levels left.
You knew the following spells:

 Your Spells              Type           Power        Failure   Level  Hunger
a - Ensorcelled Hibernat  Hex/Ice        ###...       2%          2    ##.....
b - Confuse               Hex            #####...     1%          3    ###....
c - Dazzling Spray        Conj/Hex       ####..       4%          3    ###....
d - Confusing Touch       Hex            #####.       1%          1    None
e - Poisonous Vapours     Pois/Air       ###...       3%          2    ##.....
f - Olgreb's Toxic Radia  Pois           ####....     13%         4    ####...
k - Swiftness             Chrm/Air       ##......     10%         2    ##.....

Your spell library contained the following spells:

 Spells                   Type           Power        Failure   Level  Hunger
 Corona                   Hex            #####..      1%          1    None
 Slow                     Hex            #####...     1%          2    ##.....
 Sting                    Conj/Pois      ###.         3%          1    None
 Shock                    Conj/Air       ##..         4%          1    None
 Animate Skeleton         Necr           N/A          13%         1    None
 Apportation              Tloc           #.....       13%         1    None
 Beastly Appendage        Tmut           #.....       13%         1    None
 Summon Small Mammal      Summ           #...         13%         1    None
 Sticks to Snakes         Tmut           #.......     21%         2    ##.....
 Tukima's Dance           Hex            #####...     1%          3    ###....
 Cause Fear               Hex            #####.....   2%          4    ####...
 Inner Flame              Hex/Fire       ###.....     5%          3    ###....
 Portal Projectile        Hex/Tloc       ###...       5%          3    ###....
 Mephitic Cloud           Conj/Pois/Air  ###.....     10%         3    ###....
 Spider Form              Tmut/Pois      ###.......   12%         3    ###....
 Static Discharge         Conj/Air       ##......     14%         3    ###....
 Leda's Liquefaction      Hex/Erth       ###.......   19%         4    ####...
 Airstrike                Air            ###.......   28%         4    ####...
 Venom Bolt               Conj/Pois      ###.......   65%         5    ######.
 Ice Form                 Ice/Tmut       #.......     78%         4    ####...
 Lightning Bolt           Conj/Air       ##........   80%         5    ######.
 Blade Hands              Tmut           #.........   98%         5    ######.


Dungeon Overview and Level Annotations

Branches:
Dungeon (11/15)            Temple (1/1) D:5            Lair (2/6) D:11
  Swamp: Lair:2-4    Shoals: Lair:2-4     Snake: Lair:2-4    Spider: Lair:2-4
    Orc: D:9-12

Altars:
Ashenzari
Cheibriados
Dithmenos
Elyvilon
Fedhas
Hepliaklqana
Kikubaaqudgha
Makhleb
Nemelex Xobeh
Okawaru
Sif Muna
Trog
Uskayaw
Wu Jian
Xom
Yredelemnul
Zin

Shops:
D:8 [   D:9 *   D:11 [


Innate Abilities, Weirdness & Mutations

You cannot wear boots.
Your serpentine skin is tough. (AC +4)
You have supernaturally acute eyesight. (SInv)
Armour fits poorly on your strangely shaped body.
Your system is resistant to poisons. (rPois)
You cover ground very slowly.
You have a slow metabolism.
You can spit poison.


Message History

You spin and attack the yak repeatedly.
You hit the yak. x2
You hit the yak but do no damage. You barely miss the yak.
The yak closely misses you. The yak barely misses you.
The yak gores you but does no damage. The yak gores you. x2
Unknown command.
You repeatedly attack the yak from above.
You hit the yak but do no damage. You hit the yak. You closely miss the yak.
You hit the yak. x2; You closely miss the yak.
You hit the yak but do no damage. You barely miss the yak.
You hit the yak but do no damage. You hit the yak.
You repeatedly attack the yak from above.
You hit the yak but do no damage. You hit the yak. x2
You hit the yak but do no damage. x2; You hit the yak.
You barely miss the yak. You hit the yak. You hit the yak but do no damage.
The yak looks more healthy.
The yak gores you!
* * * LOW HITPOINT WARNING * * *
The yak gores you!!
* * * LOW HITPOINT WARNING * * *
The yak barely misses you. x2; The yak gores you but does no damage. x2
The yak gores you!
You die...

#...###+#.........#
#................##
#................##
#...#.##.######..P#P
##...### # #.##.
#....# ... ##...#
... #.Y○# ... #.Y@##
... #.YYP# ...
#...## ... #.....#
... ......... ...
#P......... ...
##......... ..
#...<..... .
#......#.. .


You could see 4 yaks.

Vanquished Creatures
  2 hydras
  Erica (D:9)
  5 two-headed ogres
  An unseen horror (D:10)
  Pikel (D:5)
  A cyclops (D:11)
  A manticore (D:11)
  Psyche (D:11)
  3 spiny frogs
  4 komodo dragons (Lair:1)
  2 trolls
  Prince Ribbit (D:4)
  3 hippogriffs
  Sigmund (D:5)
  A yak (Lair:2)
  A steam dragon (D:11)
  2 basilisks
  6 wyverns
  Edmund (D:5)
  A porcupine (Lair:1)
  4 water moccasins
  Duvessa (D:6)
  6 orc warriors
  3 ice beasts
  A black bear (Lair:1)
  3 slaves (D:5)
  3 phantoms
  8 ogres
  6 wolves (Lair:1)
  2 centaurs
  8 crocodiles
  3 big kobolds
  4 bullfrogs
  2 gnoll sergeants
  2 water moccasin zombies
  Dowan (D:6)
  A wyvern skeleton (D:8)
  14 killer bees
  7 wights
  3 howler monkeys (D:8)
  A crimson imp (D:7)
  2 hounds
  2 bullfrog zombies
  4 jellies
  7 orc priests
  Crazy Yiuf (D:6)
  3 bullfrog skeletons
  18 orc wizards
  3 iguanas
  9 worker ants
  A killer bee zombie (D:7)
  2 hound skeletons
  2 hound zombies (D:6)
  3 worker ant zombies
  A howler monkey zombie (D:5)
  2 howler monkey skeletons
  8 gnolls
  18 adders
  2 shadow imps
  3 worms
  2 dart slugs (D:1)
  4 leopard geckos
  48 orcs
  A ball python (D:5)
  6 giant cockroaches
  3 goblins
  8 hobgoblins
  6 jackals
  24 kobolds
  5 quokkas
  11 bats
  5 frilled lizards
  A quokka skeleton (D:4)
  A quokka zombie (D:9)
  8 rats
346 creatures vanquished.

Vanquished Creatures (others)
  A kobold (D:9)
  2 plants
3 creatures vanquished.

Grand Total: 349 creatures vanquished

Notes
Turn   | Place    | Note
-------+----------+-------------------------------------------
     0 | D:1      | Goreval the Naga Enchanter began the quest for the Orb.
     0 | D:1      | Reached XP level 1. HP: 15/15 MP: 3/3
   272 | D:1      | Reached XP level 2. HP: 18/22 MP: 5/5
   276 | D:1      | Learned a level 2 spell: Ensorcelled Hibernation
  1654 | D:2      | Reached XP level 3. HP: 6/28 MP: 1/6
  1659 | D:2      | Learned a level 3 spell: Confuse
  2257 | D:2      | Found a shattered altar of Ashenzari.
  2460 | D:2      | Reached skill level 5 in Stealth
  2782 | D:2      | Found a burning altar of Makhleb.
  2887 | D:3      | Reached XP level 4. HP: 24/36 MP: 2/7
  3224 | D:3      | Found a sparkling altar of Nemelex Xobeh.
  4480 | D:4      | Reached XP level 5. HP: 18/42 MP: 2/8
  5013 | D:4      | Noticed a phantom
  5239 | D:4      | Reached skill level 6 in Stealth
  5239 | D:4      | Reached XP level 6. HP: 19/49 MP: 3/9
  5426 | D:4      | Learned a level 3 spell: Dazzling Spray
  5452 | D:4      | Reached skill level 5 in Hexes
  5815 | D:4      | Reached XP level 7. HP: 39/55 MP: 1/10
  5847 | D:4      | Learned a level 1 spell: Confusing Touch
  6059 | D:4      | Reached skill level 7 in Stealth
  6523 | D:5      | Entered Level 5 of the Dungeon
  6795 | D:5      | Got a translucent hand axe
  6832 | D:5      | Found a staircase to the Ecumenical Temple.
  6834 | D:5      | Found a faded altar of an unknown god.
  6850 | Temple   | Entered the Ecumenical Temple
  6920 | Temple   | Became a worshipper of the Wu Jian Council
  6946 | D:5      | Noticed Pikel
  7226 | D:5      | Killed Pikel
  7226 | D:5      | Reached skill level 5 in Short Blades
  7226 | D:5      | Reached skill level 8 in Stealth
  7226 | D:5      | Reached XP level 8. HP: 60/62 MP: 9/11
  7376 | D:5      | Found a sparkling altar of Nemelex Xobeh.
  7376 | D:5      | Noticed Edmund
  7390 | D:5      | Killed Edmund
  7532 | D:5      | Noticed Prince Ribbit
  7753 | D:5      | Found a glowing silver altar of Zin.
  7784 | D:5      | Reached skill level 9 in Stealth
  7852 | D:5      | Noticed Sigmund
  7867 | D:4      | Killed Prince Ribbit
  7867 | D:4      | Reached XP level 9. HP: 25/68 MP: 12/12
  8403 | D:5      | Killed Sigmund
  8463 | D:5      | Found a basalt altar of Yredelemnul.
  8763 | D:5      | Reached skill level 10 in Stealth
  8805 | D:5      | Found a bloodstained altar of Trog.
  8865 | D:5      | Identified the +2 hand axe of the Snake Pit {chop, rC++ MR+
                  | Str+5} (You found it on level 5 of the Dungeon)
  9066 | D:6      | Reached * piety under Wu Jian
  9243 | D:6      | Found a runed translucent door.
  9244 | D:6      | Noticed Crazy Yiuf
  9254 | D:6      | Killed Crazy Yiuf
  9380 | D:6      | Noticed Duvessa
  9380 | D:6      | Noticed Dowan
  9394 | D:6      | Killed Duvessa
  9403 | D:6      | Killed Dowan
  9563 | D:6      | Found a shimmering blue altar of Sif Muna.
 10124 | D:7      | Reached skill level 11 in Stealth
 10129 | D:7      | Reached skill level 10 in Hexes
 10422 | D:7      | Reached XP level 10. HP: 75/75 MP: 13/13
 10755 | D:7      | Reached skill level 1 in Fighting
 10766 | D:7      | Found a blossoming altar of Fedhas.
 10766 | D:7      | Reached ** piety under Wu Jian
 11561 | D:8      | Found a shadowy altar of Dithmenos.
 12030 | D:8      | Found Memeont's Armour Emporium.
 12039 | D:8      | Bought a +0 naga barding for 299 gold pieces
 12450 | D:8      | Reached skill level 12 in Stealth
 12800 | D:9      | Noticed a two-headed ogre
 12803 | D:9      | Killed a two-headed ogre
 12915 | D:9      | Found a hide-covered altar of Uskayaw.
 12947 | D:9      | Reached *** piety under Wu Jian
 13094 | D:9      | Found Bathrof's General Store.
 13095 | D:9      | Noticed Erica
 13180 | D:9      | Killed Erica
 13180 | D:9      | Reached XP level 11. HP: 43/91 MP: 14/14
 13966 | D:9      | Found a hazy altar of Hepliaklqana.
 14253 | D:9      | Noticed a two-headed ogre
 14259 | D:9      | Killed a two-headed ogre
 14414 | D:10     | Entered Level 10 of the Dungeon
 14414 | D:10     | Noticed an unseen horror
 14416 | D:10     | Reached skill level 13 in Stealth
 14431 | D:10     | Killed an unseen horror
 14431 | D:10     | Reached skill level 10 in Short Blades
 14475 | D:10     | Noticed a two-headed ogre
 14838 | D:10     | Killed a two-headed ogre
 14838 | D:10     | Reached skill level 5 in Fighting
 15439 | D:11     | Noticed a manticore
 15746 | D:10     | Reached **** piety under Wu Jian
 15867 | D:11     | Killed a manticore
 15899 | D:10     | Learned a level 2 spell: Poisonous Vapours
 15902 | D:10     | Learned a level 2 spell: Swiftness
 15910 | D:11     | Noticed a two-headed ogre
 15923 | D:11     | Killed a two-headed ogre
 15923 | D:11     | Reached skill level 1 in Air Magic
 15923 | D:11     | Reached skill level 1 in Poison Magic
 16093 | D:11     | Noticed a cyclops
 16095 | D:11     | Found a snail-covered altar of Cheibriados.
 16426 | D:11     | Found Cheibriados's Comfort Zone.
 16639 | D:11     | Reached skill level 14 in Stealth
 16708 | D:11     | Killed a cyclops
 16843 | D:11     | Noticed Psyche
 16849 | D:11     | Killed Psyche
 16849 | D:11     | Reached XP level 12. HP: 86/105 MP: 18/18
 17275 | D:11     | Noticed a two-headed ogre
 17281 | D:11     | Killed a two-headed ogre
 17690 | D:11     | Found a staircase to the Lair.
 17954 | Lair:1   | Entered Level 1 of the Lair of Beasts
 17954 | Lair:1   | Noticed a seven-headed hydra
 17955 | Lair:1   | Killed a seven-headed hydra
 17997 | Lair:1   | HP: 4/106 [spiny frog (14)]
 18437 | Lair:1   | Reached skill level 5 in Poison Magic
 18766 | Lair:1   | Reached skill level 15 in Stealth
 18788 | Lair:1   | Learned a level 4 spell: Olgreb's Toxic Radiance
 18801 | Lair:1   | Identified 2 scrolls of acquirement
 19155 | Lair:1   | Found the +2 cloak of the Thief {+Fog Slay-2 SInv Stlth+}
 19516 | Lair:2   | Reached skill level 1 in Conjurations
 19561 | Lair:2   | Noticed a six-headed hydra
 19567 | Lair:2   | Killed a six-headed hydra
 19600 | Lair:2   | Slain by a yak

Levels and vault maps discovered:
D:1:      kennysheep_arrival_seaside, layout_basic,
          chequers_serial_rivers_micro_a
D:2:      layout_basic, nicolae_overflow_hidden_temple, evilmike_ruin_ashenzari
D:3:      layout_loops_corners, nicolae_overflow_crystal_walls, serial_forest,
          infiniplex_forest_lined_4_way, infiniplex_forest_lined_corner,
          infiniplex_forest_clump_cross, infiniplex_forest_lined_room_,
          infiniplex_forest_clump_C, infiniplex_forest_corner_1
D:4:      layout_basic
D:5:      minmay_general_purpose_star, layout_basic, kennysheep_mini,
          lemuel_crystal_altar, bloody_trog, nicolae_temple_entry_ecumenical,
          first_ration, basic_altar, chequers_decorated_corner,
          minmay_a_box_with_orc_wizards_in_it, uniq_prince_ribbit1,
          uniq_sigmund, uniq_edmund, uniq_pikel
D:6:      kennysheep_orc_sif_temple, layout_basic, uniq_crazy_yiuf_cottage,
          uniq_duvessa
D:7:      layout_basic, lemuel_doored_altar
D:8:      layout_gridville, nicolae_dithmenos_shadow_blocks, serial_shops,
          nicolae_shop_trees, grunt_pizzeria
D:9:      layout_stronghold, marbit_many_paths, basic_altar, serial_shops,
          nicolae_shop_waterfront, minmay_crystal_room,
          minmay_misc_feat_nine_boxes, uniq_erica
D:10:     layout_basic, roderic_cross_of_infinity
D:11:     layout_rooms, erik_lair_dragon, minmay_shop_chei, uniq_psyche
Temple:   dshaligram_water_room_temple
Lair:1:   layout_loops_ring
Lair:2:   layout_chaotic_city

Skill      XL: |  1  2  3  4  5  6  7  8  9 10 11 12 |
---------------+-------------------------------------+-----
Short Blades   | 2 3 4 5 7 9 10 | 10.0
Stealth        | 5 6 8 9 11 12 14 15 | 15.2
Hexes          | 4 5 7 8 10 | 10.1
Fighting       | 3 6 7 |  7.3
Dodging        | 3 4 |  4.1
Spellcasting   | 4 |  4.3
Air Magic      | 2 4 |  4.0
Poison Magic   | 2 6 |  6.0
Conjurations   | 1 |  1.5

Action                   |  1- 3 |  4- 6 |  7- 9 | 10-12 || total
-------------------------+-------+-------+-------+-------++-------
Melee: Dagger            |   106 |   127 |   383 |  1052 ||  1668
Throw: Stone             |       |     8 |    15 |     4 ||    27
 Cast: Ensorcelled Hiber |    11 |    38 |    37 |    41 ||   127
       Confuse           |       |     1 |     3 |       ||     4
       Confusing Touch   |       |       |    31 |    70 ||   101
       Dazzling Spray    |       |       |       |     2 ||     2
       Olgreb's Toxic Ra |       |       |       |     3 ||     3
       Swiftness         |       |       |       |     1 ||     1
Invok: Lunge             |       |       |    27 |    77 ||   104
       Whirlwind         |       |       |     3 |    75 ||    78
 Abil: Spit Poison       |    11 |    18 |     8 |     7 ||    44
       Evoke Berserk Rag |       |       |     5 |     3 ||     8
       Wall Jump         |       |       |       |     4 ||     4
  Use: Scroll            |       |     8 |     4 |    13 ||    25
       Potion            |       |       |       |     1 ||     1
 Stab: Sleeping          |     7 |    30 |    34 |    63 ||   134
       Distracted        |       |     1 |       |     2 ||     3
       Confused          |       |       |    29 |    69 ||    98
       Invisible         |       |       |       |     1 ||     1
  Eat: Chunk             |     2 |    12 |    13 |    27 ||    54
       Ration            |     1 |       |     2 |     1 ||     4
Armor: Robe              |    32 |    18 |    29 |   208 ||   287
Dodge: Dodged            |    58 |    57 |   109 |   181 ||   405
